Match 46494249
Unlisted

Match 46494249
End
Construct Barracks
Riflemen Squad
Riflemen Squad
Riflemen Squad
Grenade Package
Selects Airborne Battlegroup
Selects Heavy Machine Gun Paradrop
Selects Paratrooper Squad Paradrop
Heavy Machine Gun Paradrop
Construct Medical Station
Heavy Machine Gun Paradrop
Selects Anti-tank Gun Team Paradrop
Anti-tank Gun Team Paradrop
Mechanized Support Center
M1918 Browning Automatic Rifles
Engineer Squad
Anti-tank Gun Team Paradrop
Selects Recon Loiter
Selects Paradrop Reinforcements
Paratrooper Squad Paradrop
Selects Carpet Bombing Run
Kyp Durron
NaseMabi
Angrybirds
Demi
0
0

Comments sign in to comment!

No comments posted yet!